 Dungeon Crawl Stone Soup version 0.31.0-32-g396128a36d (webtiles) character file.

Game seed: 8826113537400808137

47 Logoto the Trooper (level 3, -8/34 HPs)
             Began as a Hill Orc Fighter on Mar 18, 2024.
             Mangled by an ogre
             ... wielding a +0 giant club
              (18 damage)
             ... on level 2 of the Dungeon.
             The game lasted 00:03:36 (1202 turns).

Logoto the Trooper (Hill Orc Fighter)               Turns: 1202, Time: 00:03:37

Health: -8/34      AC:  7    Str: 20    XL:     3   Next: 70%
Magic:  3/3        EV:  9    Int:  8    God:
Gold:   4          SH:  4    Dex: 10    Spells: 2/2 levels left

rFire   . . .        a - +0 war axe
rCold   . . .        c - +0 buckler
rNeg    . . .        b - +0 scale mail
rPois   .            (no helmet)
rElec   .            (no cloak)
rCorr   .            (no gloves)
SInv    .            (no boots)
Will    .....        (no amulet) Stlth
                     (no ring)
HPRegen 0.25/turn    (no ring)
MPRegen 0.08/turn

%: no passive effects
@: no status effects
A: no striking features
a: no special abilities


You were on level 2 of the Dungeon.
You visited 1 branch of the dungeon, and saw 2 of its levels.

You collected 4 gold pieces.

Inventory:

Hand Weapons
 a - a +0 war axe (weapon)
Armour
 b - a +0 scale mail (worn)
 c - a +0 buckler (worn)
Jewellery
 h - a +6 ring of dexterity
Scrolls
 f - 2 scrolls of teleportation {unknown}
 g - a scroll of immolation
 i - a scroll of fog {unknown}
 k - a scroll of enchant weapon {unknown}
Potions
 d - a potion of might
 e - a potion of magic {unknown}
 j - a potion of ambrosia {unknown}


   Skills:
 + Level 4.4 Fighting
 + Level 3.4 Axes
 + Level 3.7 Armour
 + Level 0.1 Dodging
 + Level 3.5 Shields


You had 2 spell levels left.
You didn't know any spells.
Your spell library contained the following spells:

 Spells                   Type           Power      Damage    Failure   Level
 Blink                    Tloc           0%         N/A       92%         2
 Lesser Beckoning         Tloc           0%         N/A       92%         2
 Momentum Strike          Conj/Tloc      0%         3d8       92%         2


Dungeon Overview and Level Annotations

Branches:
Dungeon (2/15)

Altars:


Message History

The orc hits you but does no damage.
The hobgoblin hits you but does no damage.
The orc hits you but does no damage.
You barely miss the orc. You hit the hobgoblin but do no damage.
The hobgoblin hits you but does no damage.
You block the orc's attack.
You slash the orc!
The orc is almost dead.
You closely miss the hobgoblin. The hobgoblin barely misses you.
The orc completely misses you. The hobgoblin hits you.
You hit the orc.
You kill the orc!
You closely miss the hobgoblin. The hobgoblin hits you.
The hobgoblin hits you but does no damage.
Things that are here:
a +0 dagger; a frilled lizard corpse
Things that are here:
a +0 whip; an orc corpse You slash the hobgoblin!
You kill the hobgoblin!
You see here a hobgoblin corpse.
Things that are here:
a +0 dagger; a frilled lizard corpse You start resting.
HP restored.
There is a stone staircase leading down here.
You climb downwards.
A rat comes into view.
The orc hits you with a +0 short sword.
The ogre hits you with a +0 giant club!!
Ouch! That really hurt!
The orc hits you with a +0 short sword.
* * * LOW HITPOINT WARNING * * *
The rat moves out of view.
There is a stone staircase leading up, spattered with blood here.
You hit the ogre but do no damage. You barely miss the orc.
The orc hits you but does no damage.
The ogre hits you with a +0 giant club!!
Ouch! That really hurt!
You die...

.. ###....## #
....#..# ###..
###..#..##..<
.....#......#
###.......#.###
#.......).....##
#............
#.O@.........
#..o.........
#............
#######....>.
...... .....
.#... ##.. ##


You could see an ogre and an orc.

Vanquished Creatures
  A gnoll (D:1)
  An adder (D:1)
  3 orcs (D:1)
  2 ball pythons (D:1)
  3 endoplasms (D:1)
  A giant cockroach (D:1)
  3 goblins
  2 hobgoblins (D:1)
  2 jackals (D:1)
  A quokka (D:1)
  2 bats (D:1)
  A frilled lizard (D:1)
  A kobold (D:1)
  2 rats (D:1)
25 creatures vanquished.

Notes
Turn   | Place    | Note
-------+----------+-------------------------------------------
     0 | D:1      | Logoto the Hill Orc Fighter began the quest for the Orb.
     0 | D:1      | Reached XP level 1. HP: 19/19 MP: 1/1
   162 | D:1      | Found a faded altar of an unknown god.
   231 | D:1      | Reached XP level 2. HP: 27/27 MP: 2/2
   235 | D:1      | Reached skill level 4 in Fighting
   748 | D:1      | Reached XP level 3. HP: 20/34 MP: 3/3
  1129 | D:2      | Noticed an ogre
  1202 | D:2      | Mangled by an ogre

Illustrated notes

Levels and vault maps discovered:
D:1:      minmay_arrival_checkered_box, layout_basic,
          hellmonk_ecumenical_altar_blasted
D:2:      layout_rooms, minmay_liquid_box, uniq_jessica

Skill      XL: |  1  2 |
---------------+-------+-----
Fighting       | 4 |  4.4
Axes           | 3 |  3.4
Armour         | |  3.7
Dodging        | |  0.1
Shields        | |  3.5

Action                     || total
---------------------------++-------
  Melee: War axe           ||    58
 Armour: Scale mail        ||    47
  Dodge: Dodged            ||    35
  Block: Buckler           ||     9
